 Dungeon Crawl Stone Soup version 0.31.0-32-g396128a36d (webtiles) character file.

Game seed: 8282135562626000160

686 PaiMei the Purveyor of Pain (level 7, -4/52 HPs)
             Began as a Demonspawn Necromancer on Mar 30, 2024.
             Was an Initiate of Kikubaaqudgha.
             Succumbed to a kobold brigand's curare-tipped dart
             ... on level 5 of the Dungeon.
             The game lasted 00:05:25 (4585 turns).

PaiMei the Purveyor of Pain (DsNe)                  Turns: 4585, Time: 00:05:25

Health: -4/52      AC:  6    Str:  8    XL:     7   Next: 35%
Magic:  8/13       EV: 13    Int: 22    God:    Kikubaaqudgha [......]
Gold:   288        SH:  0    Dex: 14    Spells: 10/14 levels left

rFire   . . .        p - +1 whip (elec)
rCold   . . .        (no shield)
rNeg    . . .        a - +0 robe
rPois   .            r - +2 helmet {Int+3}
rElec   .            (no cloak)
rCorr   .            s - +0 pair of gloves
SInv    .            (no boots)
Will    .....        (no amulet)
Stlth   ++           (no ring)
HPRegen 0.28/turn    (no ring)
MPRegen 0.13/turn

%: no passive effects
@: lethally poisoned (-4 -> -30), slowed, very slow
A: foul stench 1, spiny 3, big brain 1
a: Renounce Religion


You were on level 5 of the Dungeon.
You worshipped Kikubaaqudgha.
Kikubaaqudgha was noncommittal.
You visited 2 branches of the dungeon, and saw 6 of its levels.

You collected 288 gold pieces.

Inventory:

Hand Weapons
 i - a +0 mace
 p - a +1 whip of electrocution (weapon)
Missiles
 c - 6 atropa-tipped darts (quivered)
Armour
 a - a +0 robe (worn)
 r - a +2 helmet of intelligence (worn)
 s - a +0 pair of gloves (worn)
Scrolls
 d - a scroll of poison {unknown}
 e - 4 scrolls of identify {unknown}
 g - a scroll of immolation {unknown}
 h - 2 scrolls of enchant armour {unknown}
 k - 6 scrolls of enchant weapon {unknown}
 m - a scroll of teleportation {unknown}
 n - a scroll of fear {unknown}
Potions
 b - a potion of magic
 f - 3 potions of attraction {unknown}
 j - a potion of resistance {unknown}
 l - a potion of haste {unknown}
 o - a potion of berserk rage {unknown}
 q - 2 potions of enlightenment {unknown}
 t - 2 potions of curing {unknown}
 u - a potion of degeneration {unknown}


   Skills:
 + Level 3.6 Fighting
 + Level 4.0 Dodging
 - Level 2.0 Stealth
 + Level 4.1 Spellcasting
 + Level 6.2 Necromancy


You had 10 spell levels left.
You knew the following spells:

 Your Spells              Type           Power      Damage    Failure   Level
a - Necrotise             Necr           100%       1d9       1%          1
b - Vampiric Draining     Necr           31%        2d8       2%          3

Your spell library contained the following spells:

 Spells                   Type           Power      Damage    Failure   Level
 Animate Dead             Necr           31%        N/A       9%          4
 Curse of Agony           Necr           31%        N/A       24%         5


Dungeon Overview and Level Annotations

Branches:
Dungeon (5/15)             Temple (1/1) D:4

Altars:
Cheibriados
Dithmenos
Fedhas
Gozag
Hepliaklqana
Kikubaaqudgha
Makhleb
Qazlal
Ru
Trog
Uskayaw
Vehumet
Wu Jian
Xom
Yredelemnul

Shops:
D:3 [


Innate Abilities, Weirdness & Mutations

You may rarely emit foul miasma when damaged in melee.
You are completely covered in sharp spines.
You have an unusually large brain. (Int +2)


Message History

The curare-tipped dart hits you.
You are poisoned.
You have difficulty breathing.
You feel yourself slow down.
Your Dodging skill increases to level 4!
Casting: Vampiric Draining (dangerous; 2% risk of failure)
Confirm with . or Enter, or press ? or * to list all spells.
Aiming: Necrotise (safe; 1% risk of failure)
Press: ? - help, Shift-Dir - straight line, f - kobold brigand
Aim: a kobold brigand, wielding a +0 club and quivering curare-tipped darts (chance to affect: 83%)
The kobold brigand writhes in agony.
You feel very sick.
The kobold brigand throws a curare-tipped dart.
The curare-tipped dart closely misses you.
The curare-tipped dart closely misses your quokka skeleton.
You swap places.
You feel very sick.
Your quokka skeleton crumbles into dust!
The kobold brigand throws a curare-tipped dart.
The curare-tipped dart misses you.
The kobold brigand throws a curare-tipped dart.
The curare-tipped dart misses you.
The kobold brigand throws a curare-tipped dart.
The curare-tipped dart closely misses you.
The kobold brigand throws a curare-tipped dart.
The curare-tipped dart barely misses you.
You see here an orc skeleton.
Casting: Necrotise (safe; 1% risk of failure)
Confirm with . or Enter, or press ? or * to list all spells.
Aiming: Necrotise (safe; 1% risk of failure)
Press: ? - help, Shift-Dir - straight line, f/p - kobold brigand
Aim: a kobold brigand, wielding a +0 club and quivering curare-tipped darts (lightly wounded, chance to affect: 83%)
The kobold brigand writhes in agony.
You feel sick.
The kobold brigand throws a curare-tipped dart.
The curare-tipped dart hits you.
You are lethally poisoned!
You have difficulty breathing.
* * * LOW HITPOINT WARNING * * *
You feel as though you will be slow longer.
You die...
Kikubaaqudgha rasps: "You have failed me!
Welcome... death!"

###.# #...# ##.#.#
#..#+# ##.##.# ###
###..##.# ...#
#...###.## ÷....
#.####...####K.....
#.'÷÷...÷@÷.)KK...)
#.####...####KK÷...
#.# ##.## ÷.... #.#
#.# .÷.# #.. #.#
### ### #+#


You could see 5 kobold brigands.

Vanquished Creatures
  An ice beast (D:5)
  An ogre (D:3)
  2 kobold brigands (D:5)
  A bullfrog (D:3)
  A scorpion (D:5)
  2 hounds (D:5)
  2 iguanas
  2 gnolls (D:3)
  3 adders
  A shadow imp (D:5)
  3 ribbon worms
  A dart slug (D:5)
  5 orcs
  8 ball pythons
  6 endoplasms
  2 giant cockroaches
  5 goblins
  4 hobgoblins
  3 quokkas
  6 bats
  7 frilled lizards
  6 kobolds
  5 rats
77 creatures vanquished.

Vanquished Creatures (collateral kills)
  A gnoll (D:3)
1 creature vanquished.

Grand Total: 78 creatures vanquished

Notes
Turn   | Place    | Note
-------+----------+-------------------------------------------
     0 | D:1      | PaiMei the Demonspawn Necromancer began the quest for the
                  | Orb.
     0 | D:1      | Reached XP level 1. HP: 13/13 MP: 3/3
   262 | D:1      | You fall into a shaft and drop 1 floor!
   317 | D:1      | Gained mutation: You may rarely emit foul miasma when
                  | damaged in melee. [demonic ancestry]
   317 | D:1      | Reached XP level 2. HP: 19/19 MP: 1/5
  1555 | D:2      | Reached XP level 3. HP: 25/25 MP: 4/6
  1568 | D:2      | Reached skill level 1 in Fighting
  1936 | D:2      | Found a faded altar of an unknown god.
  2146 | D:3      | Gained mutation: You are partially covered in sharp spines.
                  | [demonic ancestry]
  2146 | D:3      | Reached XP level 4. HP: 14/32 MP: 0/8
  2488 | D:3      | Noticed a bullfrog
  2495 | D:3      | Killed a bullfrog
  2496 | D:3      | Reached skill level 5 in Necromancy
  2496 | D:3      | Gained mutation: You are mostly covered in sharp spines.
                  | [demonic ancestry]
  2496 | D:3      | Reached XP level 5. HP: 30/38 MP: 3/9
  2506 | D:3      | Learned a level 3 spell: Vampiric Draining
  2618 | D:3      | Found Icenazew's Antique Armour Shop.
  2678 | D:3      | Found a basalt altar of Yredelemnul.
  2683 | D:3      | Found a shimmering altar of Xom.
  2870 | D:3      | Noticed an ogre
  2877 | D:3      | Killed an ogre
  2878 | D:3      | Gained mutation: You have an unusually large brain. (Int
                  | +2) [demonic ancestry]
  2878 | D:3      | Reached XP level 6. HP: 26/46 MP: 2/11
  3179 | D:4      | Found a staircase to the Ecumenical Temple.
  3244 | Temple   | Entered the Ecumenical Temple
  3259 | Temple   | Became a worshipper of Kikubaaqudgha
  3885 | D:5      | Entered Level 5 of the Dungeon
  4240 | D:5      | Noticed an ice beast
  4262 | D:5      | Killed an ice beast
  4266 | D:5      | Gained mutation: You are completely covered in sharp
                  | spines. [demonic ancestry]
  4266 | D:5      | Reached XP level 7. HP: 42/52 MP: 2/12
  4483 | D:5      | Reached skill level 6 in Necromancy
  4571 | D:5      | Found the +7 Throatcutter {drain, coup de grace}
  4585 | D:5      | Succumbed to a kobold brigand's curare-tipped dart

Illustrated notes

Levels and vault maps discovered:
D:1:      minmay_arrival_open_corners, layout_loops_corners
D:2:      layout_rooms, basic_ecumenical_altar
D:3:      layout_basic, mainiacjoe_overflow_big_doors, serial_shops,
          nicolae_shop_dealshenge
D:4:      layout_loops_ring, nicolae_elyvilon_peaceful_grove,
          minmay_temple_entry_waves
D:5:      layout_basic, dilly_guarded_unrand_throatcut
Temple:   bh_familiar_temple

Skill      XL: |  1  2  3  4  5  6  7 |
---------------+----------------------+-----
Stealth        | 2 |  2.0
Dodging        | 2 3 4 |  4.0
Fighting       | 1 2 3 |  3.6
Spellcasting   | 3 4 |  4.1
Necromancy     | 5 6 |  6.2

Action                     |  1- 3 |  4- 6 |  7- 9 || total
---------------------------+-------+-------+-------++-------
  Melee: Unarmed           |    16 |       |       ||    16
         Mace              |     3 |     6 |       ||     9
         Whip              |       |    18 |     8 ||    26
         Punch             |       |     1 |       ||     1
   Cast: Necrotise         |    82 |    62 |    12 ||   156
         Vampiric Draining |       |     6 |     1 ||     7
 Armour: Robe              |    17 |    17 |     7 ||    41
  Dodge: Dodged            |    16 |    27 |     7 ||    50
